 Dungeon Crawl Stone Soup version 0.29-a0-542-g075992c915 (webtiles) character file.

Game seed: 15444233021979810559

587 Flugkiller the Skirmisher (level 7, -3/66 HPs)
             Began as a Meteoran Chaos Knight on June 3, 2022.
             Was a Plaything of Xom.
             Slain by a yak (13 damage)
             ... on level 5 of the Dungeon.
             The game lasted 00:05:10 (1297 turns).

Flugkiller the Skirmisher (Meteoran Chaos Knight)   Turns: 1297, Time: 00:05:11

Health: -3/66      AC:  7    Str: 13 (15) XL:     7   Next: 97%
Magic:  8/8        EV: 12    Int: 14      God:    Xom [....*.]
Gold:   194        SH:  0    Dex: 11 (14) Spells: 6/6 levels left

rFire   . . .      SeeInvis .   m - +2 dagger (drain)
rCold   . . .      Faith    .   (no shield)
rNeg    . . .      Spirit   .   b - +2 leather armour
rPois   .          Reflect  .   f - +0 helmet
rElec   .          Harm     .   s - +0 cloak
rCorr   .          Rampage  .   (no gloves)
Will    .....                   (no boots)
Stlth   +.........              (no amulet)
HPRegen 0.21/turn               (no ring)
MPRegen 0.11/turn               (no ring)

@: brilliant, glowing
A: sense surroundings 1, otherworldly, glowing, explore regen
a: Renounce Religion


You were on level 5 of the Dungeon.
You worshipped Xom.
You were a beloved toy of Xom.
You visited 1 branch of the dungeon, and saw 5 of its levels.

You collected 194 gold pieces.

Inventory:

Hand Weapons
 a - a +0 hand axe of chaos
 m - a +2 dagger of draining (weapon)
   (You found it on level 2 of the Dungeon)
 n - a +0 trident
   (You took it off an orc priest on level 3 of the Dungeon)
 v - a +0 halberd
   (You took it off a gnoll on level 5 of the Dungeon)
Missiles
 i - 5 boomerangs
Armour
 b - a +2 leather armour (worn)
 f - a +0 helmet (worn)
   (You found it on level 1 of the Dungeon)
 l - a +0 chain mail
   (You found it on level 3 of the Dungeon)
 s - a +0 cloak (worn)
   (You found it on level 4 of the Dungeon)
Scrolls
 d - a scroll of identify {unknown}
 e - a scroll of immolation {unknown}
 g - a scroll of magic mapping {unknown}
 h - a scroll of fear {unknown}
 j - a scroll of amnesia {unknown}
 p - a scroll of noise {unknown}
 t - 2 scrolls of teleportation
 u - a scroll of blinking {unknown}
Potions
 r - a potion of cancellation
Miscellaneous
 c - a piece from Xom's chessboard (13/15) (quivered)


   Skills:
 - Level 7.0 Fighting
 + Level 4.4 Short Blades
 - Level 3.6 Axes
 - Level 2.4 Armour
 + Level 3.7 Dodging


You had 6 spell levels left.
You didn't know any spells.
Your spell library was empty.

Dungeon Overview and Level Annotations

Branches:
Dungeon (5/15)
 Temple: D:4-7

Altars:
Gozag


Innate Abilities, Weirdness & Mutations

You passively map a small area around you.
You are easily found by Zot.
You glow in the dark.
You regain HP and MP as you explore.


Message History

You closely miss the water moccasin.
The water moccasin is severely wounded.
You feel sick. The water moccasin misses you.
You hit the water moccasin.
The water moccasin is almost dead.
You feel sick. The water moccasin bites you.
You are more poisoned.
The water moccasin poisons you!
You closely miss the water moccasin.
The water moccasin is almost dead.
You feel sick. The water moccasin closely misses you.
You hit the water moccasin. You drain the water moccasin.
You kill the water moccasin!
You feel sick.
The yak stops moving altogether!
You feel your intelligence returning.
Your piece from Xom's chessboard (13/15) has regained one charge.
Training target 7.0 for Fighting reached!
Your Fighting skill increases to level 7!
You need to enable at least one skill for training.
You hit the black bear. You drain the black bear.
The black bear is moderately wounded.
You feel sick. The black bear completely misses you.
The black bear claws you but does no damage.
The black bear claws you.
You closely miss the black bear.
The black bear is moderately wounded.
You feel sick. The black bear barely misses you. x3
You closely miss the black bear.
The black bear is moderately wounded.
You feel sick.
You hit the black bear but do no damage.
You drain the black bear.
The black bear is moderately wounded.
The black bear bites you but does no damage.
The black bear claws you.
* * * LOW HITPOINT WARNING * * *
The black bear claws you but does no damage.
Okay, then.
You barely miss the black bear.
The black bear is moderately wounded.
You feel sick. The black bear barely misses you.
The black bear closely misses you.
The black bear claws you but does no damage.
You hit the black bear. You drain the black bear.
The black bear is severely wounded.
You feel sick.
The black bear bites you but does no damage.
The black bear claws you but does no damage. x2
You barely miss the black bear.
The black bear is severely wounded.
You feel sick.
You are no longer poisoned.
The black bear bites you.
* * * LOW HITPOINT WARNING * * *
The black bear claws you.
* * * LOW HITPOINT WARNING * * *
The black bear claws you but does no damage.
You hit the black bear.
The black bear is severely wounded. "Serve the toy, my child!"
You barely miss the black bear.
The black bear is severely wounded.
The black bear closely misses you.
The black bear claws you but does no damage.
The black bear closely misses you.
You barely miss the black bear.
The black bear is severely wounded.
Your crimson imp hits the black bear but does no damage.
The black bear bites your crimson imp but does no damage.
The black bear claws your crimson imp but does no damage.
The black bear closely misses your crimson imp.
You hit the black bear but do no damage.
You drain the black bear.
The black bear is almost dead.
Your crimson imp blinks!
The black bear bites you but does no damage.
The black bear closely misses you. x2
You hit the black bear but do no damage.
The black bear is almost dead.
The black bear goes berserk!
You closely miss the black bear.
The black bear is almost dead.
The yak is no longer petrified.
The black bear closely misses you.
The black bear claws you but does no damage. x2
You barely miss the black bear.
The black bear is almost dead.
The black bear bites you.
* * * LOW HITPOINT WARNING * * *
The black bear closely misses you. The black bear barely misses you.
You hit the black bear.
The black bear is almost dead.
The black bear closely misses you. The black bear claws you.
* * * LOW HITPOINT WARNING * * *
The black bear misses you.
You hit the black bear.
You kill the black bear!
You feel your strength returning. The yak attacks as you move away!
The yak gores you!
You die...
Xom thinks this is hilarious!

........# , *,
........#, , , ........+
, , * .. ........#
###+###*... ..W.....#
#.....#.... ........# *
,#..[..#..., ........#
+.[.$.'... , , #..!..#
## #°@...#,* #.#,
,,*###Y### *#..# ,
##h.Y..###...+ *,
##.....###....# ,
##.....###.....# * * #
##.....###.....#* * #.
#.....###.)...## ,
#..####'#######'#####.
##......(...............


You could see a yak and an ice beast.

Vanquished Creatures
  A water moccasin (D:5)
  A black bear (D:5)
  An ogre (D:4)
  A phantom (D:4)
  An orc priest (D:3)
  2 iguanas (D:4)
  An orc wizard (D:3)
  3 gnolls
  4 adders
  A dart slug (D:1)
  2 orcs (D:3)
  2 ball pythons (D:1)
  5 endoplasms
  6 goblins
  10 hobgoblins
  8 jackals
  2 quokkas
  6 bats
  2 frilled lizards
  4 kobolds
  2 rats (D:1)
65 creatures vanquished.

Notes
Turn   | Place    | Note
-------+----------+-------------------------------------------
     0 | D:1      | Flugkiller the Meteoran Chaos Knight began the quest for
                  | the Orb.
     0 | D:1      | Reached XP level 1. HP: 19/19 MP: 2/2
    33 | D:1      | XOM: divination: detect items
    58 | D:1      | XOM: silly message
    67 | D:1      | Reached XP level 2. HP: 27/27 MP: 3/3
    88 | D:1      | Reached skill level 4 in Fighting
   108 | D:1      | XOM: potion effect (curing)
   116 | D:1      | Reached XP level 3. HP: 25/33 MP: 4/4
   145 | D:1      | Found a faded altar of an unknown god.
   182 | D:2      | XOM: divination: detect items
   348 | D:2      | Reached skill level 5 in Fighting
   348 | D:2      | Reached XP level 4. HP: 42/42 MP: 5/5
   525 | D:3      | XOM: potion effect (curing)
   528 | D:3      | XOM: cast spell 'Cause Fear'
   542 | D:3      | Reached skill level 1 in Short Blades
   542 | D:3      | Reached XP level 5. HP: 38/48 MP: 6/6
   603 | D:3      | Found an opulent altar of Gozag.
   701 | D:4      | Noticed a phantom
   720 | D:4      | XOM: potion effect (berserk rage)
   730 | D:4      | Killed a phantom
   731 | D:4      | Reached XP level 6. HP: 56/56 MP: 7/7
   737 | D:4      | Noticed an ogre
   738 | D:4      | XOM: potion effect (brilliance)
   748 | D:4      | Killed an ogre
   825 | D:4      | Reached XP level 7. HP: 51/62 MP: 8/8
   864 | D:5      | Entered Level 5 of the Dungeon
   864 | D:5      | Noticed a wraith
   904 | D:4      | XOM: divination: detect items
   987 | D:5      | XOM: divination: detect items
   997 | D:4      | Reached skill level 6 in Fighting
  1073 | D:4      | XOM: divination: magic mapping
  1189 | D:4      | XOM: silly message
  1243 | D:5      | Noticed a water moccasin
  1243 | D:5      | Noticed a yak
  1245 | D:5      | XOM: potion effect (curing)
  1263 | D:5      | XOM: potion effect (heal wounds)
  1267 | D:5      | XOM: smoke on damage
  1280 | D:5      | Killed a water moccasin
  1281 | D:5      | Reached skill level 7 in Fighting
  1288 | D:5      | XOM: summons friendly crimson imp
  1297 | D:5      | Slain by a yak

Illustrated notes

Levels and vault maps discovered:
D:1:      nicolae_arrival_washed_ashore, layout_rooms,
          dreamdust_ecumenical_altar_angels_and_demons, kennysheep_crisscross,
          hangedman_decor_push
D:2:      layout_basic
D:3:      layout_loops_cross, grunt_gozag_statues, uniq_crazy_yiuf_cottage
D:4:      wander_river, layout_loops_cross
D:5:      layout_basic, minmay_quadrilaterals, uniq_blork_the_orc

Skill      XL: |  1  2  3  4  5  6  7 |
---------------+----------------------+-----
Fighting       | 4 5 7 |  7.0
Short Blades   | 1 3 4 |  4.4
Dodging        | 2 3 |  3.7
Axes           | |  3.6
Armour         | |  2.4

Action                   |  1- 3 |  4- 6 |  7- 9 || total
-------------------------+-------+-------+-------++-------
Melee: Hand axe          |    66 |    29 |       ||    95
       Punch             |     2 |       |     1 ||     3
       Dagger            |       |    77 |    71 ||   148
Evoke: Piece from Xom's  |       |     3 |     1 ||     4
  Use: Potion            |       |       |     5 ||     5
       Scroll            |       |       |     1 ||     1
Armor: Leather armour    |    44 |    58 |    40 ||   142
Dodge: Dodged            |    60 |    64 |    53 ||   177

Table legend: (Time is in decaauts)
 A = Elapsed time spent in this place.
 B = Non-inter-level travel time spent in this place.
 C = Inter-level travel time spent in this place.
 D = Time resting spent in this place.
 E = Time spent auto-exploring this place.
 F = Levels seen in this place.
 G = Mean time per level.
                   A        B        C        D        E       F      G
               +--------+--------+--------+--------+--------+-----+--------+
         Total |   1317 |   1238 |     79 |      0 |      0 |   5 |  263.4 |
       Dungeon |   1317 |   1238 |     79 |      0 |      0 |   5 |  263.4 |
               +--------+--------+--------+--------+--------+-----+--------+

Top non-repeatable levels by time:
     D:4: 517 daAuts
     D:2: 306 daAuts
     D:3: 205 daAuts
     D:1: 184 daAuts
     D:5: 103 daAuts
